 Dungeon Crawl Stone Soup version 0.24-a0-499-g1074bba3cf (webtiles) character file.

47329 DrakeDragon the Thaumaturge (level 14, 83/83 HPs)
             Began as a Deep Elf Wizard on Nov 16, 2018.
             Was the Champion of Elyvilon.
             Got out of the dungeon alive.
             The game lasted 03:08:19 (45463 turns).

DrakeDragon the Thaumaturge (Deep Elf Wizard)      Turns: 45463, Time: 03:08:19

Health: 83/83      AC: 24    Str:  8    XL:     14   Next: 8%
Magic:  32/32      EV: 14    Int: 25    God:    Elyvilon [******]
Gold:   736        SH:  9    Dex: 13    Spells: 5/38 levels left

rFire    . . .     SeeInvis +   G - +8 autumn katana {slice, Clar}
rCold    + . .     Gourm    .   w - +2 shield {AC+3}
rNeg     . . .     Faith    .   L - +3 leather armour {rC+}
rPois    .         Spirit   .   Y - +2 helmet {SInv}
rElec    .         Reflect  .   z - +0 cloak
rCorr    .         Harm     .   U - +2 pair of gloves
MR       ++...     Clarity  +   Q - +2 pair of boots {run}
Stlth    ++........             h - amulet of magic regeneration
HPRegen  0.23/turn              R - +5 ring of protection
MPRegen  0.48/turn              l - ring of protection from magic

@: studying Air Magic, quick
A: no striking features
a: Lesser Healing, Heal Other, Purification, Greater Healing, Divine Vigour,
Divine Protection, Renounce Religion


You escaped.
You worshipped Elyvilon.
Elyvilon was exalted by your worship.
You were not hungry.

You visited 5 branches of the dungeon, and saw 22 of its levels.
You also visited: Ossuary.

You collected 2174 gold pieces.
You spent 1438 gold pieces at shops.

Inventory:

Hand Weapons
 G - the +8 autumn katana (weapon) {slice, Clar}
   (You found it on level 7 of the Dungeon)

   It inflicts extra damage upon your enemies.
   It protects you against confusion.
Missiles
 E - a throwing net (quivered) {!f}
Armour
 w - a +2 shield of protection (worn)
   (You found it on level 6 of the Lair of Beasts)
 z - a +0 cloak (worn)
   (You found it on level 5 of the Dungeon)
 L - a +3 leather armour of cold resistance (worn)
   (You took it off Eustachio on level 5 of the Dungeon)
 Q - a +2 pair of boots of running (worn)
   (You bought it in a shop on level 11 of the Dungeon)
 U - a +2 pair of gloves (worn)
   (You found it on level 2 of the Lair of Beasts)
 Y - a +2 helmet of see invisible (worn)
   (You bought it in a shop on level 2 of the Orcish Mines)
Jewellery
 b - a +5 ring of evasion
   (You found it on level 7 of the Dungeon)
 h - an amulet of magic regeneration (around neck)
   (You found it on level 12 of the Dungeon)
 i - an uncursed ring of protection from fire
   (You found it on level 3 of the Dungeon)
 l - a ring of protection from magic (right hand)
   (You bought it in a shop on level 2 of the Orcish Mines)
 o - an uncursed ring of protection from cold
   (You found it on level 7 of the Dungeon)
 y - an uncursed ring of wizardry
   (You found it on level 5 of the Lair of Beasts)
 R - a +5 ring of protection (left hand)
   (You found it on level 3 of the Lair of Beasts)
Wands
 d - a wand of iceblast (18)
   (You found it on level 10 of the Dungeon)
 t - a wand of flame (19)
   (You found it on level 1 of the Lair of Beasts)
 u - a wand of paralysis (8)
   (You found it on level 1 of the Lair of Beasts)
 v - a wand of digging (13)
   (You found it on level 5 of the Dungeon)
 x - a wand of acid (4)
   (You took it off Urug on level 10 of the Dungeon)
 V - a wand of scattershot (6)
   (You found it on level 6 of the Lair of Beasts)
Scrolls
 a - a scroll of enchant armour
 c - 6 scrolls of fog
 k - 4 scrolls of immolation {!r}
 n - 2 scrolls of silence
 p - 3 scrolls of blinking
 A - 7 scrolls of remove curse {@r2}
 B - 7 scrolls of teleportation {@r4}
 C - 3 scrolls of fear
 I - 7 scrolls of magic mapping
 M - 3 scrolls of vulnerability {!r}
 S - a scroll of torment {unknown}
Potions
 f - 3 potions of mutation {!q}
 g - 3 potions of flight
 j - a potion of ambrosia
 m - 2 potions of invisibility
 q - 7 potions of curing {@q1}
 r - 3 potions of haste {@q3}
 s - 4 potions of might
 F - a potion of resistance
 H - 2 potions of magic
 K - a potion of berserk rage
 N - a potion of agility
 O - 4 potions of brilliance
 P - 3 potions of heal wounds {@q2}
 W - a potion of experience
 X - 5 potions of lignification {!q}
Books
 Z - a manual of Air Magic {!d}
   (You found it on level 7 of the Dungeon)
Miscellaneous
 T - a lamp of fire
   (You found it on level 4 of the Lair of Beasts)
Comestibles
 e - 43 rations {!d}


   Skills:
 + Level 7.9 Fighting
 - Level 10.2 Dodging
 - Level 3.0 Stealth
 * Level 2.1 Shields
 - Level 12.9 Spellcasting
 - Level 10.7 Conjurations
 - Level 9.0 Hexes
 - Level 10.5 Summonings
 - Level 3.0 Translocations
 - Level 3.0 Fire Magic
 - Level 6.0 Ice Magic
 - Level 2.1 Air Magic
 - Level 3.0 Poison Magic
 + Level 9.1 Invocations


You had 5 spell levels left.
You knew the following spells:

 Your Spells              Type           Power        Failure   Level  Hunger
a - Magic Dart            Conj           ####         1%          1    None
b - Blink                 Tloc           N/A          12%         2    None
c - Tukima's Dance        Hex            ######..     1%          3    None
d - Conjure Flame         Conj/Fire      ######..     4%          3    None
e - Dazzling Spray        Conj/Hex       ######       1%          3    None
f - Mephitic Cloud        Conj/Pois/Air  #####...     10%         3    None
g - Metabolic Englaciati  Hex/Ice        ######....   34%         5    ###....
h - Summon Hydra          Summ           ######....   97%         7    ######.
i - Summon Ice Beast      Ice/Summ       ######..     9%          4    None
s - Slow                  Hex            ######..     1%          2    None

Your spell library contained the following spells:

 Spells                   Type           Power        Failure   Level  Hunger
 Confusing Touch          Hex            ######       1%          1    None
 Corona                   Hex            ######.      1%          1    None
 Summon Butterflies       Summ           ######..     1%          1    None
 Call Imp                 Summ           ######..     1%          2    None
 Ensorcelled Hibernation  Hex/Ice        ######       1%          2    None
 Call Canine Familiar     Summ           ######..     1%          3    None
 Confuse                  Hex            ######..     1%          3    None
 Inner Flame              Hex/Fire       #####...     7%          3    None
 Portal Projectile        Hex/Tloc       #####.       7%          3    None
 Cause Fear               Hex            ######....   7%          4    None
 Summon Mana Viper        Hex/Summ       ######..     14%         5    ###....
 Gell's Gravitas          Tloc           ####......   24%         3    None
 Leda's Liquefaction      Hex/Erth       #####.....   41%         4    None
 Yara's Violent Unravell  Hex/Tmut       #####.....   77%         5    ###....
 Petrify                  Tmut/Erth      ###.....     95%         4    None


Dungeon Overview and Level Annotations

Branches:
Dungeon (12/15)            Temple (1/1) D:6            Lair (6/6) D:9
 Shoals (1/4) Lair:3       Spider (0/4) Lair:4        Slime (0/5) Lair:6
    Orc (2/2) D:11            Elf (0/3) Orc:2

Altars:
Ashenzari
Cheibriados
Dithmenos
Elyvilon
Fedhas
Gozag
Hepliaklqana
Kikubaaqudgha
Makhleb
Nemelex Xobeh
Okawaru
Qazlal
Ru
Sif Muna
Trog
Uskayaw
Vehumet
Wu Jian
Xom
Yredelemnul
Zin
The Shining One

Shops:
D:10 :   D:11 [   Orc:2 =*[[

Annotations:
D:3 orc priest, exclusion: downstairs
Lair:5 1 runed door, Deicwiot's ghost, journeyman MiWn


Message History

Moving in this stuff is going to be slow.
You enter the shallow water.
Moving in this stuff is going to be slow.
There is a staircase back to the Lair here.
You climb upwards.
Welcome back to the Lair of Beasts!
There is a staircase to the Shoals here.
There is a stone staircase leading up, spattered with blood here.
You climb upwards.
There is a stone staircase leading down here.
There is a stone staircase leading up here.
You climb upwards.
There is a stone staircase leading down here.
There is a staircase back to the Dungeon here.
You climb upwards.
Welcome back to the Dungeon!
There is a staircase to the Lair, spattered with blood here.
There is an open door here.
There is a stone staircase leading up here.
You climb upwards.
There is a stone staircase leading down here.
Items here: )) [[ a +0 leather armour; a +0 hand axe; a +0 plate armour; a +0 mace
There is a stone staircase leading up here.
You see here 2 boomerangs.
You climb upwards.
There is a stone staircase leading down here.
There is a stone staircase leading up here.
You climb upwards.
There is a stone staircase leading down here.
You see here an arrow.
There is a stone staircase leading up here.
You climb upwards.
There is a stone staircase leading down here.
You see here a -3 ring of dexterity.
You see here a +0 leather armour.
There is a stone staircase leading up here.
You climb upwards.
There is a stone staircase leading down here.
There is a stone staircase leading up here.
You climb upwards.
Level annotation: orc priest, exclusion: downstairs
There is a stone staircase leading down here.
There is a stone staircase leading up here.
You climb upwards.
There is a stone staircase leading down here.
There is a stone staircase leading up here.
You climb upwards.
There is a stone staircase leading down here.
There is a staircase leading out of the dungeon here.
Are you sure you want to leave the Dungeon?
This will make you lose the game!
You have escaped!

......).......## ##.......##..# #
##.###...###############..###.###
#.# #...# ##.......## #..# #....
#.# ##..###.........###..# #....
#.# #..##...........##..###....
#.# ##..#.............#....#....
#.###..##.............##.^....>.
#..#..###.............###..#....
##...## #......@......# ##......
#....###.............###..#....
##....##.............##..##.#.#
##....#.............#..###.#.#
##...##...........##..# #.#..
#...###.........###..# #.##.
##..# ##.......## #..###.##)
#..#######.#######.........
#.......#...#........#####.


There were no monsters in sight!

Vanquished Creatures
  A merfolk impaler (Lair:3)
  3 hydras
  2 death yaks (Lair:5)
  A two-headed ogre (D:10)
  An ugly thing (D:11)
  A manticore (D:10)
  Maurice (D:10)
  2 elephants
  2 black mambas (Lair:3)
  5 spiny frogs
  A gargoyle (D:10)
  A kobold demonologist (D:7)
  A komodo dragon (Lair:1)
  5 polar bears (Lair:6)
  A troll (D:12)
  4 blink frogs
  7 hippogriffs
  A snapping turtle (Shoals:1)
  2 dream sheep (Lair:4)
  A wraith (D:10)
  3 wyverns
  Eustachio (D:5)
  17 yaks
  A hungry ghost (D:10)
  A basilisk (D:9)
  3 steam dragons
  An acid dragon (D:9)
  2 wargs (Lair:6)
  8 water moccasins
  4 hell hounds (Lair:6)
  10 porcupines
  2 ice beasts
  6 orc warriors
  2 sky beasts
  3 phantoms
  A hornet zombie (D:8)
  4 black bears
  An eye of draining (D:9)
  3 necrophages
  16 wolves
  4 ogres
  4 centaurs
  12 crocodiles
  An elf zombie (Ossuary)
  2 big kobolds
  11 bullfrogs
  A gnoll sergeant (D:7)
  3 scorpions
  A killer bee (D:7)
  3 wights
  8 howler monkeys
  3 electric eels (Lair:2)
  2 centaur zombies
  3 crimson imps
  A human zombie (Ossuary)
  12 orc priests
  6 hounds
  3 jellies
  2 centaur skeletons
  11 orc wizards
  5 bullfrog skeletons
  5 iguanas
  Ijyb (D:4)
  6 worker ants
  3 big kobold zombies (Ossuary)
  2 hound skeletons (D:9)
  A mummy (Ossuary)
  2 worker ant zombies
  6 gnolls (D:7)
  4 adders
  A shadow imp (D:11)
  2 oozes
  2 adder zombies
  An adder skeleton (D:4)
  2 worms
  4 dart slugs
  4 leopard geckos
  44 orcs
  4 bats
  9 giant cockroaches
  15 goblins
  9 hobgoblins
  10 jackals
  17 kobolds
  4 quokkas
  3 frilled lizards
  2 goblin zombies
  3 hobgoblin zombies (Ossuary)
  6 kobold zombies (Ossuary)
  8 orc zombies (Ossuary)
  5 rats
  2 rat zombies (Ossuary)
  6 plants
  A tentacle (Shoals:1)
424 creatures vanquished.

Vanquished Creatures (collateral kills)
  Snorg (Lair:4)
  A merfolk impaler (Shoals:1)
  Erolcha (D:12)
  4 hydras
  3 death yaks
  An alligator snapping turtle (Shoals:1)
  Urug (D:10)
  Sonja (Lair:1)
  5 orc high priests (Orc:2)
  Nergalle (D:10)
  2 sea snakes (Shoals:1)
  An orc knight (D:7)
  An orc sorcerer (Orc:2)
  An oklob plant (Orc:2)
  A cyclops (Shoals:1)
  An ugly thing (D:12)
  4 elephants (Lair:5)
  3 merfolk sirens (Shoals:1)
  A water nymph (Shoals:1)
  2 black mambas (Lair:6)
  A gargoyle (D:10)
  3 spiny frogs
  4 komodo dragons
  3 rime drakes
  2 trolls
  A merfolk (Shoals:1)
  A jumping spider (Lair:4)
  2 raiju (Lair:6)
  4 polar bears (Lair:6)
  3 hippogriffs
  12 blink frogs
  2 snapping turtles (Shoals:1)
  5 dream sheep
  2 redbacks (Lair:4)
  2 yaks (D:12)
  7 basilisks
  A steam dragon (Lair:6)
  4 vampire mosquitoes (D:12)
  6 wargs
  4 water moccasins
  9 hell hounds (Lair:6)
  10 orc warriors
  2 swamp drakes (Lair:6)
  4 ogres
  A sky beast (D:7)
  9 black bears (Lair:6)
  8 wolves (Lair:6)
  2 centaurs
  7 crocodiles
  3 bullfrogs
  2 killer bees (D:7)
  A howler monkey (D:4)
  15 orc priests
  12 orc wizards
  2 iguanas (Lair:6)
  A worker ant (D:4)
  A big kobold zombie (Ossuary)
  A mummy (Ossuary)
  3 adders
  A shadow imp (D:12)
  2 oozes
  5 worms
  A dart slug (D:5)
  9 orcs
  A bat (D:1)
  3 hobgoblins
  A ball python (D:1)
  A goblin zombie (Ossuary)
  A hobgoblin zombie (Ossuary)
  A jackal zombie (Ossuary)
  5 kobolds (D:6)
  3 kobold zombies (Ossuary)
  4 orc zombies (Ossuary)
  A fungus (Lair:6)
  A tentacle (Shoals:1)
238 creatures vanquished.

Vanquished Creatures (others)
  An iguana (Lair:6)
  6 fungi
  25 plants
  11 tentacles (Shoals:1)
43 creatures vanquished.

Grand Total: 705 creatures vanquished

Notes
Turn   | Place    | Note
-------+----------+-------------------------------------------
     0 | D:1      | DrakeDragon the Deep Elf Wizard began the quest for the
                  | Orb.
     0 | D:1      | Reached XP level 1. HP: 10/10 MP: 7/7
   219 | D:1      | Reached XP level 2. HP: 15/15 MP: 7/9
   675 | D:1      | Learned a level 2 spell: Blink
   678 | D:1      | Learned a level 2 spell: Call Imp
   681 | D:1      | Learned a level 2 spell: Slow
  1362 | D:2      | Reached XP level 3. HP: 19/19 MP: 3/11
  1687 | D:2      | Reached skill level 1 in Hexes
  2681 | D:3      | Reached XP level 4. HP: 24/24 MP: 10/12
  3029 | D:3      | Learned a level 3 spell: Conjure Flame
  4237 | D:4      | Reached skill level 5 in Spellcasting
  4270 | D:4      | Learned a level 3 spell: Mephitic Cloud
  4417 | D:4      | Reached XP level 5. HP: 19/28 MP: 4/14
  4564 | D:4      | Found a sand-covered staircase.
  4569 | Ossuary  | Entered an ossuary
  5417 | Ossuary  | Reached skill level 1 in Fighting
  5417 | Ossuary  | Reached skill level 1 in Fire Magic
  5643 | Ossuary  | Reached XP level 6. HP: 27/34 MP: 1/15
  6061 | D:4      | Noticed Ijyb
  7301 | D:4      | Reached XP level 7. HP: 38/38 MP: 6/17
  8146 | D:5      | Entered Level 5 of the Dungeon
  8178 | D:5      | Noticed Eustachio
  8360 | D:5      | Killed Eustachio
  8516 | D:5      | Learned a level 3 spell: Tukima's Dance
  8525 | D:5      | Reached skill level 1 in Poison Magic
  8934 | D:5      | Reached skill level 1 in Air Magic
  9308 | D:6      | Reached skill level 5 in Conjurations
  9689 | D:6      | Reached skill level 6 in Spellcasting
  9935 | D:6      | Reached XP level 8. HP: 44/44 MP: 8/19
 10007 | D:6      | Found an iron altar of Okawaru.
 10439 | D:6      | Found a staircase to the Ecumenical Temple.
 10445 | Temple   | Entered the Ecumenical Temple
 10615 | Temple   | Became a worshipper of Elyvilon the Healer
 11575 | D:7      | Found a stormy altar of Qazlal.
 11820 | D:7      | Reached skill level 5 in Hexes
 11962 | D:7      | Reached * piety under Elyvilon
 12047 | D:7      | Reached skill level 7 in Spellcasting
 12584 | D:7      | Reached XP level 9. HP: 50/50 MP: 9/21
 13041 | D:7      | Found a large runed door.
 13042 | D:7      | Found a large runed door.
 13087 | D:7      | Found the +8 autumn katana {slice, Clar}
 13435 | D:7      | Found a large runed door.
 13435 | D:7      | Found a large runed door.
 13436 | D:7      | Noticed an orc knight
 13544 | D:7      | Noticed a kobold demonologist
 13555 | D:7      | Killed a kobold demonologist
 13555 | D:7      | Reached skill level 1 in Invocations
 13844 | D:4      | Killed Ijyb
 14229 | D:8      | Reached skill level 8 in Spellcasting
 14261 | D:8      | Learned a level 3 spell: Dazzling Spray
 14267 | D:8      | Learned a level 5 spell: Metabolic Englaciation
 14575 | D:8      | Reached skill level 1 in Ice Magic
 14826 | D:8      | Reached ** piety under Elyvilon
 15089 | D:8      | Found a deep blue altar of Sif Muna.
 15089 | D:8      | Found a blossoming altar of Fedhas.
 15089 | D:8      | Found a glowing silver altar of Zin.
 15089 | D:8      | Found a bloodstained altar of Trog.
 15111 | D:8      | Found an ancient bone altar of Kikubaaqudgha.
 15111 | D:8      | Found a hazy altar of Hepliaklqana.
 15402 | D:9      | Upgraded the game from 0.23-a0-436-g57debff to
                  | 0.23-a0-445-g768d57b
 15654 | D:9      | Reached XP level 10. HP: 56/56 MP: 15/24
 16458 | D:9      | Found a staircase to the Lair.
 16497 | D:9      | Reached skill level 5 in Dodging
 16749 | D:9      | Reached skill level 9 in Spellcasting
 17347 | D:10     | Entered Level 10 of the Dungeon
 17534 | D:10     | Noticed Urug
 17853 | D:10     | Noticed a two-headed ogre
 17891 | D:10     | Killed a two-headed ogre
 18018 | D:10     | Reached *** piety under Elyvilon
 18272 | D:10     | Reached skill level 5 in Fighting
 18279 | D:10     | Reached skill level 10 in Conjurations
 18711 | D:9      | Reached XP level 11. HP: 41/63 MP: 25/26
 19825 | D:10     | Noticed Nergalle
 20035 | D:10     | Found Seunioff's Book Boutique.
 20038 | D:10     | Noticed Maurice
 20388 | D:10     | Killed Maurice
 20725 | D:11     | Reached **** piety under Elyvilon
 20989 | D:10     | HP: 1/64 [manticore (22)]
 21414 | D:10     | Reached skill level 10 in Spellcasting
 21414 | D:10     | Reached skill level 5 in Invocations
 21960 | D:11     | Found a glowing golden altar of the Shining One.
 21995 | D:11     | Noticed a purple ugly thing
 22017 | D:11     | Killed a purple ugly thing
 22207 | D:11     | Found Deekludghoa's Antique Armour Shop.
 22271 | D:11     | Reached skill level 5 in Ice Magic
 22357 | D:10     | Bought a book of Beasts for 550 gold pieces
 22365 | D:10     | Learned a level 7 spell: Summon Hydra
 22601 | D:11     | Found a staircase to the Orcish Mines.
 23003 | Lair:1   | Entered Level 1 of the Lair of Beasts
 23007 | Lair:1   | Noticed Sonja
 24724 | Lair:1   | Noticed a four-headed hydra
 24735 | Lair:1   | Killed a four-headed hydra
 24924 | Lair:2   | Noticed an eight-headed hydra
 25035 | Lair:2   | Killed an eight-headed hydra
 25035 | Lair:2   | Reached skill level 5 in Summonings
 25058 | Lair:2   | Reached XP level 12. HP: 66/69 MP: 10/28
 25188 | Lair:2   | Reached ***** piety under Elyvilon
 27042 | Lair:3   | Reached skill level 11 in Spellcasting
 27150 | Lair:3   | Learned a level 4 spell: Summon Ice Beast
 27172 | Lair:3   | Found a staircase to the Shoals.
 27450 | Lair:3   | Noticed a four-headed hydra
 27457 | Lair:3   | Killed a four-headed hydra
 28234 | Lair:3   | Noticed a four-headed hydra
 28245 | Lair:3   | Killed a four-headed hydra
 28516 | Shoals:1 | Entered Level 1 of the Shoals
 28651 | Lair:4   | Noticed an eight-headed hydra
 28764 | Lair:4   | Noticed a six-headed hydra
 28770 | Lair:4   | Killed an eight-headed hydra
 28773 | Lair:4   | Killed a six-headed hydra
 29220 | Lair:4   | Found a hole to the Spider Nest.
 29580 | Lair:4   | Noticed Snorg
 29591 | Lair:4   | Killed Snorg
 29883 | Lair:4   | Reached ****** piety under Elyvilon
 30590 | Lair:5   | Identified a scroll of acquirement
 30883 | D:11     | Bought a pair of glowing boots for 262 gold pieces
 30888 | D:11     | Identified a +0 pair of boots of running (You bought it in
                  | a shop on level 11 of the Dungeon)
 30890 | D:11     | Got a pair of twisted boots
 30901 | D:11     | Identified the +1 pair of boots "Wuhon" {-Cast rPois MP+9
                  | Slay+5} (You acquired it on level 11 of the Dungeon)
 31149 | Lair:5   | Reached XP level 13. HP: 76/76 MP: 10/30
 31772 | Lair:5   | Found a runed door.
 31773 | Lair:5   | Found a shimmering altar of Xom.
 31773 | Lair:5   | Noticed Deicwiot's ghost (journeyman MiWn)
 31774 | Lair:5   | Found the +4 robe of Augmentation {Str+4 Int+4 Dex+4}
 31774 | Lair:5   | Identified the +11 halberd "Emikyugo" {chaos, *Corrode
                  | rPois rC++ Str+3}
 32231 | Lair:6   | Entered Level 6 of the Lair of Beasts
 32586 | Lair:6   | Got a warped quarterstaff
 32799 | Lair:6   | Found a staircase to the Slime Pits.
 33964 | Lair:6   | Reached skill level 12 in Spellcasting
 34130 | Lair:6   | Noticed a fire dragon
 35599 | D:12     | Noticed Erolcha
 35607 | D:12     | Killed Erolcha
 36721 | Orc:1    | Entered Level 1 of the Orcish Mines
 37465 | Orc:2    | Entered Level 2 of the Orcish Mines
 37976 | Orc:2    | Found a staircase to the Elven Halls.
 39097 | Orc:2    | Found Illao's Armour Emporium.
 39097 | Orc:2    | Found Deerr's Armour Emporium.
 39098 | Orc:2    | Found Jetarch's General Store.
 39101 | Orc:2    | Found Votanu Idio's Jewellery Shoppe.
 39159 | Orc:2    | Bought an uncursed ring of protection from magic for 325
                  | gold pieces
 39161 | Orc:2    | Bought a +2 helmet of see invisible for 301 gold pieces
 39671 | D:10     | Killed Urug
 39825 | D:10     | Killed Nergalle
 40503 | Lair:1   | Killed Sonja
 40939 | Lair:5   | Reached skill level 10 in Dodging
 40939 | Lair:5   | Reached skill level 10 in Summonings
 41160 | Lair:5   | Upgraded the game from 0.23-a0-445-g768d57b to
                  | 0.23-a0-451-g1044d4c
 43068 | Shoals:1 | Reached skill level 1 in Shields
 43282 | Shoals:1 | Reached XP level 14. HP: 83/83 MP: 32/32
 44181 | Lair:3   | Found a staircase to the Shoals.
 44905 | Shoals:1 | Noticed a kraken
 45090 | Shoals:1 | Upgraded the game from 0.23-a0-451-g1044d4c to
                  | 0.24-a0-499-g1074bba3cf
 45463 | D:$      | Got out of the dungeon alive.

Levels and vault maps discovered:
D:1:      psy_arrival_dodecagon
D:2:      first_ration
D:3:      hangedman_feature_mirror
D:4:      corexii_shack_village, enter_ossuary_3, uniq_ijyb
D:5:      uniq_eustachio
D:6:      minmay_temple_entry_enclosed_plants, okawaru_trees_2
D:7:      basic_altar, grunt_ogre_cave, minmay_hollow_rounded_squares
D:8:      minmay_overflow_temple_hex
D:9:      erik_lair_dragon
D:10:     serial_shops, shop, serial_column_ruins, column_ruins_hut_pillars,
          column_ruins_circle_small, column_ruins_open_tiny,
          column_ruins_grid_2, column_ruins_open_tiny, column_ruins_open_small,
          column_ruins_corridor_straight, minmay_diced_spiral, uniq_urug,
          uniq_nergalle, uniq_maurice
D:11:     orc_0_dummy, basic_altar, serial_shops, shop
D:12:     uniq_erolcha
Temple:   eino_temple_rhombus
Lair:1:   uniq_sonja
Lair:2:   serial_bayou_pond_b, wad_woods_river_01, infiniplex_staircase_pool_2,
          grunt_megastairs_3, uniq_gastronok
Lair:3:   shoals_dummy_entry
Lair:4:   spider_nest_entry_a, lemuel_fruit_tree, serial_bayou_shore_a,
          uniq_snorg
Lair:5:   ebering_ghost_xom
Lair:6:   hangedman_lair_caniforms_friends, guppyfry_lair_end_dragon,
          minmay_slime_entry_oklob_enclosed
Shoals:1: portal_ice_cave_entry_pillars_four
Orc:2:    st_orc_mages, nicolae_orc_flooded_monolith, mines3_lemuel

Skill      XL: |  1  2  3  4  5  6  7  8  9 10 11 12 13 14 |
---------------+-------------------------------------------+-----
Conjurations   | 2 3 4 5 6 8 10 | 10.7
Stealth        | 3 |  3.0
Hexes          | 1 2 3 5 6 7 9 |  9.0
Dodging        | 3 4 6 7 8 10 | 10.2
Spellcasting   | 5 6 7 8 9 10 11 12 | 12.9
Summonings     | 2 3 5 8 10 | 10.5
Translocations | 2 3 |  3.0
Fighting       | 1 2 3 4 5 6 7 |  7.9
Fire Magic     | 1 2 3 |  3.0
Poison Magic   | 1 3 |  3.0
Air Magic      | 1 2 |  2.1
Invocations    | 2 4 6 7 8 9 |  9.1
Ice Magic      | 2 4 5 6 |  6.0
Shields        | 1 2 |  2.1

Action                   |  1- 3 |  4- 6 |  7- 9 | 10-12 | 13-15 || total
-------------------------+-------+-------+-------+-------+-------++-------
Melee: Dagger            |       |     1 |     3 |       |       ||     4
       Katana            |       |       |       |    73 |   208 ||   281
 Cast: Magic Dart        |    84 |   255 |   488 |   859 |    71 ||  1757
       Call Imp          |    19 |    47 |    19 |       |       ||    85
       Mephitic Cloud    |       |     4 |    16 |     3 |     3 ||    26
       Blink             |       |     1 |     6 |    20 |     7 ||    34
       Slow              |       |       |     4 |     1 |    15 ||    20
       Conjure Flame     |       |       |    22 |    33 |     2 ||    57
       Dazzling Spray    |       |       |     7 |   173 |    84 ||   264
       Metabolic Englaci |       |       |       |     2 |    17 ||    19
       Summon Ice Beast  |       |       |       |    81 |   291 ||   372
Invok: Greater Healing   |       |       |       |     1 |     2 ||     3
       Lesser Healing    |       |       |       |       |     1 ||     1
       Heal Other        |       |       |       |       |     3 ||     3
Evoke: Wand              |       |       |       |     2 |       ||     2
  Use: Scroll            |     4 |     9 |    11 |    11 |     5 ||    40
       Potion            |       |       |       |     1 |     3 ||     4
 Stab: Sleeping          |       |     1 |       |       |       ||     1
       Invisible         |       |       |       |     6 |       ||     6
       Distracted        |       |       |       |       |     6 ||     6
  Eat: Chunk             |     5 |     7 |    15 |    30 |    28 ||    85
       Ration            |       |     2 |     3 |     6 |     5 ||    16
Armor: Robe              |     1 |       |       |       |       ||     1
       Leather armour    |     4 |    11 |    28 |    66 |    84 ||   193
       Skin              |       |       |       |     7 |       ||     7
Dodge: Dodged            |     7 |    56 |   110 |   302 |   289 ||   764
Block: Shield            |       |       |       |       |    34 ||    34
       Rpst.: Falchion   |       |       |     6 |       |       ||     6
       Katana            |       |       |    12 |    78 |    62 ||   152

Table legend:
 A = Non-vault XP
 B = Vault XP
 C = Vault XP percentage of total XP
 D = Non-vault monster count
 E = Vault monster count
 F = Vault count percentage of total count
                 A         B        C        D         E       F
            +---------+---------+-------+---------+---------+-------
      Total |   47138 |   20476 |  30.3 |     446 |     207 |  31.7
            +---------+---------+-------+---------+---------+-------
        D:1 |      36 |       0 |   0.0 |      19 |       0 |   0.0
        D:2 |      57 |       0 |   0.0 |      20 |       0 |   0.0
        D:3 |      68 |       3 |   4.2 |      25 |       2 |   7.4
        D:4 |     479 |      60 |  11.1 |      32 |      15 |  31.9
        D:5 |     128 |     192 |  60.0 |       6 |       1 |  14.3
        D:6 |     942 |       0 |   0.0 |      19 |       0 |   0.0
        D:7 |    1233 |    1339 |  52.1 |      25 |      10 |  28.6
        D:8 |    1242 |       0 |   0.0 |      14 |       0 |   0.0
        D:9 |    3434 |     980 |  22.2 |      42 |       6 |  12.5
       D:10 |    4859 |    1742 |  26.4 |      40 |       6 |  13.0
       D:11 |    1639 |       0 |   0.0 |      13 |       0 |   0.0
       D:12 |    2274 |     668 |  22.7 |      22 |       1 |   4.3
     Lair:1 |    3501 |     418 |  10.7 |      17 |       1 |   5.6
     Lair:2 |    3205 |    2058 |  39.1 |      15 |      11 |  42.3
     Lair:3 |    6059 |       0 |   0.0 |      26 |       0 |   0.0
     Lair:4 |    4680 |    1162 |  19.9 |      25 |       4 |  13.8
     Lair:5 |    4910 |       0 |   0.0 |      18 |       0 |   0.0
     Lair:6 |    1824 |    8147 |  81.7 |       7 |      71 |  91.0
   Shoals:1 |    4619 |       0 |   0.0 |      18 |       0 |   0.0
      Orc:1 |    1121 |       0 |   0.0 |      28 |       0 |   0.0
      Orc:2 |     828 |    3453 |  80.7 |      15 |      40 |  72.7
    Ossuary |       0 |     254 | 100.0 |       0 |      39 | 100.0
            +---------+---------+-------+---------+---------+-------
